 Dungeon Sprint DCSS version 0.27.1-33-g824d729ab1 (webtiles) character file.

Game seed: 9891456127687844898

433 manyhoops the Cleaver (level 6, -4/59 HPs)
             Began as a Palentonga Berserker on Nov 27, 2021.
             Was a Believer of Trog.
             Slain by Sonja (5 damage)
             ... in the Dungeon (Sprint I: "Red Sonja").
             The game lasted 00:01:32 (284 turns).

manyhoops the Cleaver (Palentonga Berserker)         Turns: 284, Time: 00:01:32

Health: -4/59      AC:  7    Str: 22    XL:     6   Next: 67%
Magic:  6/6        EV:  9    Int:  7    God:    Trog [**....]
Gold:   155        SH:  0    Dex: 10    Spells: 5/5 levels left

rFire    . . .     SeeInvis +   a - +0 hand axe
rCold    . . .     Faith    .   (no shield)
rNeg     . . .     Spirit   .   e - +2 robe
rPois    .         Reflect  .   (no helmet)
rElec    .         Harm     .   (no cloak)
rCorr    .         Rampage  .   b - +0 pair of gloves
Will     ++...     NoTele   +   (no barding)
Stlth    +.........             (no amulet)
HPRegen  1.19/turn              (no ring)
MPRegen  0.10/turn              (no ring)

@: strong-willed, on berserk cooldown, regenerating, slowed, very slow
A: large, rugged brown scales 3, see invisible, deformed body, roll 1, armoured
tail
a: Rolling Charge, Renounce Religion, Berserk, Trog's Hand


You were in the Dungeon.
You worshipped Trog.
Trog was pleased with you.
You visited 1 branch You collected 243 gold pieces.
You spent 88 gold pieces at shops.

Inventory:

Hand Weapons
 a - a +0 hand axe (weapon)
Armour
 b - a +0 pair of gloves (worn)
 e - a +2 robe (worn)
Scrolls
 h - a scroll of blinking
 k - a scroll of fog {unknown}
Potions
 c - a potion of curing
 d - a potion of flight {unknown}
 f - 2 potions of magic
 g - a potion of berserk rage
 i - a potion of heal wounds
 j - a potion of lignification


   Skills:
 + Level 8.0 Fighting
 - Level 12.4 Axes
 - Level 1.5 Armour
 - Level 1.5 Dodging


You had 5 spell levels left.
You didn't know any spells.
Your spell library was empty.

Dungeon Overview and Level Annotations

Branches:
Dungeon (1/1)

Altars:
Cheibriados
Dithmenos
Elyvilon
Fedhas
Gozag
Hepliaklqana
Kikubaaqudgha
Nemelex Xobeh
Okawaru
Qazlal
Ru
Sif Muna
Trog
Uskayaw
Vehumet
Wu Jian
Yredelemnul
Zin
The Shining One

Shops:
D !

Annotations:
D Sonja


Innate Abilities, Weirdness & Mutations

You are completely covered in rugged brown scales. (AC +3, +7% HP)
You have supernaturally acute eyesight. (SInv)
Armour fits poorly on your strangely shaped body.
You can roll at nearby foes to attack.
You have a long armoured tail.


Message History

Sonja plants her feet in a plie.
Sonja hits you with a +2 short sword of distortion!
Sonja hits you with a +2 short sword of distortion.
Space warps horribly around you!
* * * LOW HITPOINT WARNING * * *
Sonja hits you with a +2 short sword of distortion.
* * * LOW HITPOINT WARNING * * *
Unknown command.
You completely miss Sonja.
Sonja gestures wildly while chanting.
Sonja blinks!
Unknown command.
Sonja says, "I'm academy-trained, you know."
Sonja throws a curare-tipped dart.
The curare-tipped dart barely misses you.
There is an open door here.
You feel a strong urge to attack something.
You slam the door shut with a bang!
You are no longer berserk.
You are exhausted.
You feel yourself slow down.
Sonja opens the door.
You close the door.
Sonja opens the door.
You miss Sonja.
Sonja hits you with a +2 short sword of distortion.
* * * LOW HITPOINT WARNING * * *
Sonja hits you with a +2 short sword of distortion.
* * * LOW HITPOINT WARNING * * *
Sonja hits you with a +2 short sword of distortion.
* * * LOW HITPOINT WARNING * * *
Space bends around you.
* * * LOW HITPOINT WARNING * * *
Unknown command.
You miss Sonja.
Sonja bows elegantly.
Sonja hits you with a +2 short sword of distortion!
* * * LOW HITPOINT WARNING * * *
Sonja hits you with a +2 short sword of distortion.
* * * LOW HITPOINT WARNING * * *
Sonja hits you with a +2 short sword of distortion.
You die...

#..').#..'[.#..+
#..#####+#####'#
#..### #...#.#
#..#__####..##(#
#..#_____##'#_.+
#⌠⌠#_.∩...'..._#
####_..__##_.#'#
#_____###K#.#
####### #@###
+$.$+ #$.$#
##.## #+#


You could see Sonja.

Vanquished Creatures
  Sigmund (D)
  A yak (D)
  An ogre (D)
  A jelly (D)
  Ijyb (D)
5 creatures vanquished.

Notes
Turn   | Place    | Note
-------+----------+-------------------------------------------
     0 | D        | manyhoops the Palentonga Berserker began the quest for the
                  | Orb.
     0 | D        | Reached XP level 1. HP: 19/19 MP: 1/1
     1 | D        | Noticed Ijyb
     6 | D        | Killed Ijyb
     7 | D        | Reached skill level 6 in Axes
     7 | D        | Reached XP level 2. HP: 25/25 MP: 2/2
    62 | D        | Noticed an ogre
    67 | D        | Killed an ogre
    68 | D        | Reached skill level 9 in Axes
    68 | D        | Reached XP level 3. HP: 31/31 MP: 3/3
    68 | D        | Reached XP level 4. HP: 37/37 MP: 4/4
    79 | D        | Noticed Sigmund
   100 | D        | Killed Sigmund
   100 | D        | Reached ** piety under Trog
   101 | D        | Reached skill level 12 in Axes
   101 | D        | Reached XP level 5. HP: 37/43 MP: 5/5
   167 | D        | Found an ornate altar of the Wu Jian Council.
   167 | D        | Found a shimmering blue altar of Sif Muna.
   169 | D        | Found a radiant altar of Vehumet.
   175 | D        | Reached XP level 6. HP: 52/52 MP: 6/6
   220 | D        | Found Yntere's Distillery.
   220 | D        | Found an ancient bone altar of Kikubaaqudgha.
   220 | D        | Found a hazy altar of Hepliaklqana.
   220 | D        | Found a stormy altar of Qazlal.
   220 | D        | Found a hide-covered altar of Uskayaw.
   220 | D        | Found a blossoming altar of Fedhas.
   220 | D        | Found a bloodstained altar of Trog.
   220 | D        | Found an iron altar of Okawaru.
   220 | D        | Found a basalt altar of Yredelemnul.
   220 | D        | Found a glowing golden altar of the Shining One.
   220 | D        | Found a snail-covered altar of Cheibriados.
   220 | D        | Found a sacrificial altar of Ru.
   220 | D        | Found a glowing silver altar of Zin.
   220 | D        | Found a shadowy altar of Dithmenos.
   220 | D        | Found a white marble altar of Elyvilon.
   220 | D        | Noticed a yak
   228 | D        | Killed a yak
   229 | D        | Found an opulent altar of Gozag.
   233 | D        | Found a sparkling altar of Nemelex Xobeh.
   237 | D        | Bought a potion of heal wounds for 55 gold pieces
   259 | D        | Bought a potion of lignification for 33 gold pieces
   273 | D        | Noticed Sonja
   284 | D        | HP: 1/59 [Sonja (2)]
   284 | D        | Slain by Sonja

Illustrated notes

Levels and vault maps discovered:
D:        dungeon_sprint_1 [red_sonja_temple_1, red_sonja_temple_small_1]

Skill      XL: |  1  2  3  4  5  6 |
---------------+-------------------+-----
Axes           | 6 9 12 | 12.4
Fighting       | 4 8 |  8.0
Armour         | |  1.5
Dodging        | |  1.5

Action                   |  1- 3 |  4- 6 || total
-------------------------+-------+-------++-------
Melee: Hand axe          |     7 |    32 ||    39
       Tailslap          |       |     5 ||     5
Invok: Berserk           |     2 |     3 ||     5
       Trog's Hand       |       |     1 ||     1
  Use: Potion            |       |     2 ||     2
Armor: Animal skin       |     1 |     1 ||     2
       Robe              |       |     2 ||     2
Dodge: Dodged            |     1 |     9 ||    10
